 Dungeon Crawl Stone Soup version 0.20.1-1-g8b1a95d (webtiles) character file.

40013 Sayu92 the Severer (level 13, -2/116 HPs)
             Began as a Purple Draconian Berserker on Dec 9, 2017.
             Was an Elder of Trog.
             Slain by a hell hound (5 damage)
             ... on level 6 of the Lair of Beasts on Dec 10, 2017.
             The game lasted 04:31:02 (30081 turns).

Sayu92 the Severer (Purple Draconian Berserker)    Turns: 30081, Time: 04:31:03

Health: -2/116     AC: 10    Str: 29    XL:     13   Next: 72%
Magic:  18/18      EV: 16    Int:  8    God:    Trog [****..]
Gold:   959        SH:  5    Dex: 12    Spells: 12/12 levels left

rFire    + . .     SeeInvis .   z - +0 broad axe
rCold    . . .     Gourm    .   P - +0 buckler (curse)
rNeg     . . .     Faith    .   (armour unavailable)
rPois    .         Spirit   .   (helmet restricted)
rElec    .         Reflect  .   (no cloak)
rCorr    .         Harm     .   q - +1 pair of gloves
MR       +....                  (no boots)
Stlth    +.........             (no amulet)
Regen    0.3/turn               h - +4 ring of strength
MPRegen  0.2/turn               y - ring of protection from fire

@: very slightly contaminated, hasted, very quick
A: breathe power, unfitting armour, agile 1, cold-blooded, AC +8
a: Breathe Dispelling Energy, Berserk, Trog's Hand, Brothers in Arms, Burn
Spellbooks, Renounce Religion


You were on level 6 of the Lair of Beasts.
You worshipped Trog.
Trog was greatly pleased with you.
You were hungry.

You visited 2 branches of the dungeon, and saw 16 of its levels.

You collected 959 gold pieces.

Inventory:

Hand Weapons
 p - a +1 flail of protection
 z - a +0 broad axe (weapon)
 D - a +3 antimagic executioner's axe
Missiles
 e - 7 javelins (quivered)
 k - a throwing net
 n - 4 silver tomahawks
 u - 6 tomahawks
Armour
 q - a +1 pair of gloves (worn)
 P - a cursed +0 buckler (worn)
Jewellery
 d - an uncursed ring of fire
 h - a +4 ring of strength (left hand)
 y - a ring of protection from fire (right hand)
 J - the ring of Orghog {*Tele rF+ MP+9}
   (You found it on level 1 of the Lair of Beasts)

   [ring of teleportation]

   It may teleport you next to monsters.
   It protects you from fire.
   It affects your magic capacity (+9).
 U - the ring "Loesahon" {+Fly rC+}
   (You found it on level 3 of the Lair of Beasts)

   [ring of flight]

   It protects you from cold.
   It lets you fly.
Wands
 g - a wand of disintegration (9/24)
 l - a wand of random effects (15/48)
 E - a wand of flame (9/48)
 F - a wand of polymorph (9/24)
 R - a wand of lightning (12/15)
 S - a wand of confusion (30/48)
 X - a wand of acid (2/15)
Scrolls
 c - 8 scrolls of remove curse
 j - 4 scrolls of recharging
 o - 5 scrolls of noise
 s - 4 scrolls of enchant armour
 v - 2 scrolls of amnesia
 x - a scroll of enchant weapon
 C - a scroll of torment
 K - 2 scrolls of magic mapping
 M - a scroll of fog
 T - 2 scrolls of immolation
 W - 2 scrolls of identify
 Z - a scroll of summoning {unknown}
Potions
 a - 2 potions of magic
 b - a potion of cancellation
 r - 3 potions of brilliance
 w - 4 potions of might
 A - 2 potions of invisibility
 B - a potion of agility
 H - 2 potions of flight
Miscellaneous
 I - a phantom mirror
 Y - a box of beasts
Comestibles
 i - 11 fruits
 m - 11 meat rations
 t - 12 royal jellies


   Skills:
 + Level 11.4 Fighting
 * Level 16.5 Axes
 - Level 4.2 Throwing
 - Level 8.2 Dodging
 + Level 6.8 Shields
 - Level 7.2 Evocations


You had 12 spell levels left.
You didn't know any spells.

Dungeon Overview and Level Annotations

Branches:
Dungeon (10/15)            Temple (0/1) D:4            Lair (6/6) D:10
  Swamp (0/4) Lair:4       Spider (0/4) Lair:3        Slime (0/5) Lair:5
    Orc: D:9-12

Altars:
Cheibriados
Fedhas
Gozag
Kikubaaqudgha
Makhleb
Ru
Sif Muna
Uskayaw
Xom
The Shining One
Jiyva

Portals:
Trove: D:10 (give 2 scrolls of acquirement)

Annotations:
D:4 PhyxPenguin's ghost, novice HOCK
D:8 Statics's ghost, novice DrTm
D:9 Blork the orc
Lair:5 letownia2's ghost, journeyman DDNe


Innate Abilities, Weirdness & Mutations

You can breathe bolts of dispelling energy.
Your rich purple scales are hard. (AC +8)
You cannot fit into any form of body armour.
You are cold-blooded and may be slowed by cold attacks.
You are agile. (Dex +2)


Message History

Okay, then.
You're still recovering from your berserk rage.
You closely miss the sun demon.
Your tail-slap misses the sun demon.
You slash the hell hound!
The sun demon hits you but does no damage.
You slash the sun demon!
The sun demon is moderately wounded.
You closely miss the hell hound. You hit the sun demon but do no damage.
You tail-slap the sun demon, but do no damage.
The sun demon is moderately wounded.
You hit the hell hound.
You recover from your berserk rage.
You block the hell hound's attack. The sun demon misses you.
You miss the sun demon.
The sun demon is moderately wounded.
You hit the hell hound but do no damage.
You miss the hell hound. The hell hound barely misses you.
The hell hound bites you.
You die...

....♣♣.♣♣♣....♣♣..♣♣.......♣....#
.♣♣♣♣♣♣♣ ♣...♣♣♣♣♣♣♣♣♣..♣♣♣♣ ♣...
.♣♣ ♣♣♣♣♣ ♣♣♣♣♣♣♣ ♣. ♣.♣ ♣♣.♣♣
♣.♣ ♣...♣♣ ..♣♣ ♣....♣♣♣ ...♣♣
♣♣♣..♣♣..♣♣♣ ♣...♣♣♣
♣♣hh.♣♣♣♣♣..♣♣♣ ♣♣.♣..♣♣♣♣
♣♣♣♣.@3♣♣ ♣♣♣..♣♣
♣..♣♣♣...♣♣♣....♣♣♣ ♣♣♣..♣♣ ..♣♣
♣♣.......♣♣♣ ♣.....♣ .♣♣
♣♣.♣♣.♣♣♣ ######''#### ♣♣♣
♣♣♣♣♣+#########........... ..♣♣
........#...8....8.. ♣..♣
..8.8..h3........... ♣♣.♣♣
...#.8.h############ ♣..♣♣
#.8...#


You could see a sun demon and 2 hell hounds.

Vanquished Creatures
  Rupert (Lair:4)
  A dire elephant (Lair:6)
  Snorg (Lair:3)
  Erolcha (D:9)
  Harold (D:10)
  3 hydras
  2 two-headed ogres
  A fire crab (Lair:6)
  Pikel (D:9)
  A wizard (Lair:6)
  An ugly thing (D:9)
  6 black mambas
  A centaur skeleton (D:10)
  17 spiny frogs
  2 rime drakes
  5 komodo dragons
  An ice devil (Lair:6)
  A troll (D:10)
  2 jumping spiders (Lair:3)
  Prince Ribbit (D:6)
  11 dream sheep
  8 blink frogs
  6 hippogriffs
  5 redbacks (Lair:3)
  19 yaks
  3 wyverns
  7 basilisks
  A human (D:10)
  2 hogs (D:10)
  Grum (D:8)
  2 hungry ghosts
  Menkaure (D:6)
  Edmund (D:6)
  5 water moccasins
  A hell hound (Lair:6)
  10 porcupines
  3 sky beasts
  7 orc warriors
  3 black bears
  An ice beast (D:9)
  2 phantoms
  6 ogres
  13 wolves
  2 centaurs
  11 crocodiles
  6 bullfrogs
  4 scorpions
  9 killer bees (D:10)
  An electric eel (Lair:2)
  3 bullfrog zombies
  4 howler monkeys
  5 crimson imps
  A centaur zombie (D:9)
  7 hounds
  A quasit (D:10)
  3 jellies
  13 orc priests
  13 orc wizards
  Natasha (thrice) (D:2)
  3 iguanas
  6 worker ants
  A hound zombie (D:10)
  A hound skeleton (D:5)
  Robin (D:2)
  A worker ant zombie (D:5)
  6 gnolls
  13 adders
  5 shadow imps
  An ooze (D:1)
  2 adder zombies
  An adder skeleton (D:8)
  2 worms (D:3)
  A dart slug (D:2)
  5 leopard geckos
  52 orcs
  3 ball pythons
  4 bats
  4 bat skeletons (D:7)
  A bat zombie (D:7)
  5 giant cockroaches
  12 goblins
  14 hobgoblins
  8 jackals
  11 kobolds
  A quokka (D:2)
  4 frilled lizards
  A jackal skeleton (D:8)
  10 rats
  A bush (D:2)
  4 fungi
  3 plants
441 creatures vanquished.

Vanquished Creatures (collateral kills)
  A hydra (Lair:6)
1 creature vanquished.

Vanquished Creatures (others)
  4 slaves (D:9)
  An orc priest (D:9)
  An orc wizard (D:9)
  An adder (D:9)
  5 orcs (D:9)
  4 bushes
  47 fungi
  54 plants
117 creatures vanquished.

Grand Total: 559 creatures vanquished

Notes
Turn   | Place    | Note
-------+----------+-------------------------------------------
     0 | D:1      | Sayu92 the Draconian Berserker began the quest for the Orb.
     0 | D:1      | Reached XP level 1. HP: 19/19 MP: 1/1
    66 | D:1      | Reached XP level 2. HP: 15/26 MP: 2/2
  1207 | D:2      | Reached XP level 3. HP: 31/31 MP: 3/3
  1388 | D:2      | Found a sacrificial altar of Ru.
  1410 | D:2      | Noticed Natasha
  1418 | D:2      | Killed Natasha
  1418 | D:2      | Reached ** piety under Trog
  1418 | D:2      | Reached skill level 4 in Axes
  1567 | D:2      | Noticed Natasha
  1582 | D:2      | Killed Natasha
  1582 | D:2      | Reached XP level 4. HP: 12/40 MP: 4/4
  2207 | D:2      | Found a snail-covered altar of Cheibriados.
  2210 | D:2      | Noticed Natasha
  2221 | D:2      | Killed Natasha
  2221 | D:2      | Reached XP level 5. HP: 26/46 MP: 5/5
  2526 | D:2      | Noticed Robin
  2615 | D:2      | Reached skill level 5 in Axes
  2630 | D:2      | Killed Robin
  3155 | D:3      | Reached *** piety under Trog
  3366 | D:3      | Found an opulent altar of Gozag.
  3706 | D:3      | Reached XP level 6. HP: 50/53 MP: 6/6
  3857 | D:3      | Found a hide-covered altar of Uskayaw.
  4134 | D:4      | Noticed a wyvern
  4156 | D:4      | Killed a wyvern
  4225 | D:4      | Reached skill level 6 in Axes
  4279 | D:4      | Found a glowing drain.
  4279 | D:4      | Noticed PhyxPenguin's ghost (novice HOCK)
  4413 | D:4      | Found a glowing golden altar of the Shining One.
  4426 | D:4      | Reached skill level 5 in Fighting
  4426 | D:4      | Your scales start taking on a rich purple colour.
  4426 | D:4      | Reached XP level 7. HP: 37/61 MP: 7/7
  4675 | D:4      | Found a staircase to the Ecumenical Temple.
  5306 | D:5      | Entered Level 5 of the Dungeon
  5412 | D:5      | Reached skill level 7 in Axes
  5675 | D:5      | Reached skill level 5 in Dodging
  5675 | D:5      | Reached XP level 8. HP: 57/70 MP: 8/8
  6234 | D:5      | Gained mutation: You are robust. (+10% HP) [potion of mutation]
  6234 | D:5      | Lost mutation: You are robust. (+10% HP) [potion of mutation]
  6234 | D:5      | Gained mutation: You are agile. (Dex +2) [potion of mutation]
  6286 | D:5      | Reached **** piety under Trog
  6463 | D:6      | Noticed Edmund
  6479 | D:6      | Killed Edmund
  6479 | D:6      | Reached skill level 8 in Axes
  6733 | D:6      | Noticed Menkaure
  6747 | D:6      | Killed Menkaure
  6747 | D:6      | Reached skill level 1 in Evocations
  6935 | D:6      | Found a shimmering altar of Xom.
  7417 | D:6      | Reached skill level 9 in Axes
  7593 | D:6      | Reached XP level 9. HP: 78/78 MP: 10/10
  8001 | D:6      | Noticed Prince Ribbit
  8026 | D:6      | Killed Prince Ribbit
  8311 | D:7      | Noticed a two-headed ogre
  8678 | D:6      | Killed a two-headed ogre
  8678 | D:6      | Reached skill level 10 in Axes
  9167 | D:7      | Reached skill level 5 in Evocations
  9167 | D:7      | Reached XP level 10. HP: 40/84 MP: 13/13
 10194 | D:7      | Found an ancient bone altar of Kikubaaqudgha.
 10352 | D:7      | Reached skill level 11 in Axes
 10554 | D:8      | Noticed a two-headed ogre
 10563 | D:8      | Killed a two-headed ogre
 10563 | D:8      | Reached ***** piety under Trog
 10592 | D:8      | Noticed Grum
 10852 | D:8      | Killed Grum
 10981 | D:8      | Noticed Statics's ghost (novice DrTm)
 11411 | D:9      | Noticed Pikel
 11431 | D:9      | Killed Pikel
 11533 | D:9      | Noticed Erolcha
 11839 | D:8      | Reached skill level 12 in Axes
 12226 | D:9      | Noticed a red ugly thing
 12229 | D:9      | Found a deep blue altar of Sif Muna.
 12229 | D:9      | Noticed Blork the orc
 12840 | D:10     | Entered Level 10 of the Dungeon
 12840 | D:10     | Noticed Harold
 12858 | D:9      | Killed a red ugly thing
 13308 | D:9      | Received a gift from Trog
 13431 | D:9      | Found a blossoming altar of Fedhas.
 13519 | D:9      | Killed Erolcha
 13519 | D:9      | Reached XP level 11. HP: 85/91 MP: 5/16
 14072 | D:10     | Found a staircase to the Lair.
 14136 | D:10     | Reached skill level 1 in Throwing
 14945 | D:10     | Reached skill level 13 in Axes
 15954 | D:10     | Killed Harold
 16199 | D:10     | Found a portal to a secret trove of treasure.
 16975 | Lair:1   | Entered Level 1 of the Lair of Beasts
 17569 | Lair:1   | Got a smoking silver ring
 17570 | Lair:1   | Identified the ring of Orghog {*Tele rF+ MP+9} (You found it on level 1 of the Lair of Beasts)
 18043 | Lair:1   | Got a transparent halberd
 18044 | Lair:1   | Identified the cursed +1 halberd of Darkness {flame, MR+} (You found it on level 1 of the Lair of Beasts)
 19311 | Lair:2   | Reached skill level 14 in Axes
 19311 | Lair:2   | Reached XP level 12. HP: 45/103 MP: 17/17
 19993 | Lair:2   | Reached skill level 1 in Shields
 21526 | Lair:3   | Noticed Snorg
 21574 | Lair:3   | Received a gift from Trog
 21995 | Lair:3   | Found a hole to the Spider Nest.
 22799 | Lair:4   | Found a staircase to the Swamp.
 22915 | Lair:3   | Killed Snorg
 22915 | Lair:3   | Reached skill level 15 in Axes
 22942 | Lair:3   | Got a steaming brass ring
 22944 | Lair:3   | Identified the ring "Loesahon" {+Fly rC+} (You found it on level 3 of the Lair of Beasts)
 23018 | Lair:4   | Noticed Rupert
 23150 | Lair:4   | Killed Rupert
 23150 | Lair:4   | Reached skill level 10 in Fighting
 23614 | Lair:4   | Noticed a seven-headed hydra
 24685 | Lair:4   | Killed a seven-headed hydra
 24685 | Lair:4   | Reached skill level 5 in Shields
 24685 | Lair:4   | Reached XP level 13. HP: 96/114 MP: 18/18
 25213 | Lair:5   | Noticed letownia2's ghost (journeyman DDNe)
 26260 | Lair:5   | Received a gift from Trog
 26592 | Lair:5   | Found a viscous altar of Jiyva.
 26592 | Lair:5   | Found a staircase to the Slime Pits.
 27775 | Lair:6   | Entered Level 6 of the Lair of Beasts
 28076 | Lair:6   | Reached skill level 16 in Axes
 29333 | Lair:6   | Noticed a dire elephant
 29347 | Lair:6   | Killed a dire elephant
 30031 | Lair:6   | Found a burning altar of Makhleb.
 30076 | Lair:6   | HP: 2/116 [hell hound (10)]
 30081 | Lair:6   | Slain by a hell hound

Skill      XL: |  1  2  3  4  5  6  7  8  9 10 11 12 13 |
---------------+----------------------------------------+-----
Dodging        | 3 4 5 7 8 |  8.2
Axes           | 4 5 6 7 9 10 12 14 15 16 | 16.5
Fighting       | 4 5 6 8 10 11 | 11.4
Evocations     | 2 5 7 |  7.2
Throwing       | 4 |  4.2
Shields        | 5 6 |  6.8

Action                   |  1- 3 |  4- 6 |  7- 9 | 10-12 | 13-15 || total
-------------------------+-------+-------+-------+-------+-------++-------
Melee: Hand axe          |    78 |   286 |   364 |   162 |       ||   890
       Tailslap          |    14 |    57 |    59 |   150 |    60 ||   340
       Broad axe         |       |       |       |   686 |   198 ||   884
       Executioner's axe |       |       |       |    21 |       ||    21
       War axe           |       |       |       |    24 |       ||    24
       Flail             |       |       |       |     4 |    80 ||    84
Throw: Javelin           |       |       |       |    38 |     1 ||    39
       Tomahawk          |       |       |       |     1 |       ||     1
Invok: Berserk           |       |     2 |     5 |    10 |    12 ||    29
       Burn Spellbooks   |       |       |     1 |     4 |       ||     5
       Trog's Hand       |       |       |       |     5 |       ||     5
       Brothers in Arms  |       |       |       |       |     2 ||     2
 Abil: Breathe Dispellin |       |       |     3 |     4 |       ||     7
  Use: Scroll            |     6 |     4 |       |    13 |     7 ||    30
       Potion            |     2 |     3 |     5 |     6 |     5 ||    21
 Stab: Invisible         |     1 |       |       |       |       ||     1
       Sleeping          |       |       |     1 |     2 |       ||     3
       Distracted        |       |       |       |     1 |       ||     1
  Eat: Chunk             |     2 |    10 |    13 |    44 |    10 ||    79
       Bread ration      |       |       |     2 |     3 |     3 ||     8
       Fruit             |       |       |       |     3 |     4 ||     7
       Royal jelly       |       |       |       |     1 |     1 ||     2
Armor: Skin              |    14 |    56 |    73 |   178 |    75 ||   396
Dodge: Dodged            |    46 |   123 |   176 |   627 |   186 ||  1158
Block: Buckler           |       |       |       |    50 |    58 ||   108
